 Dungeon Crawl Stone Soup version 0.29.0-15-g675c0067aa (webtiles) character file.

Game seed: 5784970303543032310

166 qw the Chopper (level 5, -3/32 HPs)
             Began as a Gargoyle Fighter on Sept 12, 2022.
             Slain by an orc
             ... wielding a +0 trident
              (7 damage)
             ... on level 3 of the Dungeon.
             The game lasted 00:00:47 (1855 turns).

qw the Chopper (Gargoyle Fighter)                   Turns: 1855, Time: 00:00:48

Health: -3/32      AC: 16    Str: 22    XL:     5   Next: 47%
Magic:  5/5        EV:  7    Int:  8    God:
Gold:   115        SH:  0    Dex:  9    Spells: 4/4 levels left

rFire   . . .      SeeInvis .   Y - +1 war axe
rCold   . . .      Faith    .   c - +0 buckler
rNeg    + . .      Spirit   .   g - +0 chain mail
rPois   inf        Reflect  .   n - +0 helmet
rElec   +          Harm     .   (no cloak)
rCorr   .          Rampage  .   (no gloves)
Will    .....                   e - +1 pair of boots {Stlth+}
Stlth   ..........              (no amulet)
HPRegen 0.10/turn               (no ring)
MPRegen 0.09/turn               (no ring)

@: confused
A: sickness immunity, AC +4, negative energy resistance 1, electricity
resistance, torment resistance 1, petrification resistance
a: no special abilities


You were on level 3 of the Dungeon.
You visited 1 branch of the dungeon, and saw 3 of its levels.

You collected 115 gold pieces.


Innate Abilities, Weirdness & Mutations

You are immune to sickness and miasma.
Your stone body is resilient. (AC +4)
You are immune to poison.
You resist negative energy. (rN+)
You are resistant to electric shocks. (rElec)
You are resistant to unholy torment.
You are immune to petrification.


   Skills:
 + Level 3.4 Fighting
 - Level 5.0 Axes
 - Level 3.2 Armour
 - Level 3.2 Shields


You had 4 spell levels left.
You didn't know any spells.
Your spell library was empty.

Inventory:

Hand Weapons
 b - a +0 morningstar
 Y - a +1 war axe (weapon)
Missiles
 h - 6 boomerangs (quivered)
Armour
 c - a +0 buckler (worn)
 e - a +1 pair of boots of stealth (worn)
 g - a +0 chain mail (worn)
 n - a +0 helmet (worn)
Scrolls
 a - a scroll of identify
 j - a scroll of brand weapon {unknown}
Potions
 d - a potion of might
 f - a potion of lignification {unknown}
 i - a potion of curing {unknown}
 k - a potion of attraction {unknown}
 l - a potion of berserk rage {unknown}
 m - a potion of degeneration {unknown}
 o - a potion of heal wounds {unknown}

Dungeon Overview and Level Annotations

Branches:
Dungeon (3/15)

Altars:


Message History

The orc barely misses you. The orc wizard barely misses you.
The orc hits you but does no damage.
You hit the orc.
You kill the orc!
You barely miss the orc wizard.
The orc hits you from afar with a +0 trident.
The orc wizard closely misses you.
You closely miss the orc wizard.
The orc wizard is heavily wounded.
You closely miss the orc. The orc barely misses you. x2
The orc wizard points at you and mumbles some strange words.
You are confused.
You barely miss the orc. You closely miss the orc wizard.
The orc barely misses you. The orc hits you but does no damage.
The orc wizard hits you but does no damage.
The orc attacks as you move away! The orc hits you but does no damage.
The orc wizard gestures wildly while chanting.
The orc wizard flickers and vanishes!
Deactivating autopickup; reactivate with Ctrl-A.
The orc hits you but does no damage. Something hits you but does no damage.
The orc completely misses you.
You bump into the rock wall.
The orc hits you but does no damage. The orc closely misses you.
Something hits you but does no damage.
You closely miss the orc. You closely miss something.
The orc hits you but does no damage. The orc hits you with a +0 whip.
You hear some strange, mumbled words.
You are more confused.
The orc barely misses you.
You hear some strange, mumbled words.
A puff of flame appears from out of thin air!
The puff of flame hits you but does no damage.
The orc hits you but does no damage.
You closely miss the orc. You barely miss something.
The orc closely misses you. Something hits you but does no damage.
The orc barely misses you.
You bump into the rock wall.
The orc hits you from afar with a +0 trident!
You die...

..######.[.....#
#.}...}.#
#####.......#
....####'#### .
.........# o...
.##.....## .o..
.#......# .o..
........## ...
.......o@##)#
#......#){..##
##.......o...#
.............#
.............#
.............#
.............#
.............#
....##########


You could see 2 orcs.

Vanquished Creatures
  A scorpion (D:3)
  Jessica (D:3)
  An adder (D:2)
  A dart slug (D:2)
  6 orcs
  8 bats
  5 endoplasms
  6 giant cockroaches
  3 goblins
  5 hobgoblins
  5 jackals (D:1)
  7 ball pythons
  A frilled lizard (D:1)
  2 kobolds (D:1)
  5 rats
57 creatures vanquished.

Notes
Turn   | Place    | Note
-------+----------+-------------------------------------------
     0 | D:1      | qw the Gargoyle Fighter began the quest for the Orb.
     0 | D:1      | Reached XP level 1. HP: 14/14 MP: 1/1
     0 | D:1      | 0 ||| qw: Version: 0.1-a-119-g272c26d
     0 | D:1      | 0 ||| qw: Game counter: 10792
     0 | D:1      | 0 ||| qw: Always use a shield: true
     0 | D:1      | 0 ||| qw: God list: Okawaru
     0 | D:1      | 0 ||| qw: Allow faded altars: false
     0 | D:1      | 0 ||| qw: Do Orc after D:15 true
     0 | D:1      | 0 ||| qw: Do second Lair branch before Depths: true
     0 | D:1      | 0 ||| qw: Lair rune preference: random
     0 | D:1      | 0 ||| qw: Plans: Normal, Zot, God:TSO, Crypt, Tomb, Pan,
                  | Slime, Hells, Zig, Abyss, Orb
     0 | D:1      | 0 ||| PLANNING D:1-11
    46 | D:1      | Reached skill level 2 in Axes
    72 | D:1      | 72 ||| Stepping ~*~*~tactically~*~*~ (stealth).
    77 | D:1      | 77 ||| Stepping ~*~*~tactically~*~*~ (stealth).
    92 | D:1      | Reached XP level 2. HP: 19/19 MP: 2/2
   347 | D:1      | Reached skill level 3 in Axes
   478 | D:1      | Reached XP level 3. HP: 23/23 MP: 3/3
   804 | D:1      | 804 ||| UPGRADING to +1 pair of boots of stealth.
   809 | D:1      | 809 ||| UPGRADING to +0 chain mail.
   819 | D:1      | 819 ||| DROPPING +0 scale mail.
   820 | D:1      | 820 ||| READING scroll labelled HACOEHI ROVUPS.
   824 | D:1      | 824 ||| READING scroll labelled HUACOSMA BARCHUL.
   825 | D:1      | 825 ||| READING scroll labelled CYVVUMPU PENKE.
   900 | D:2      | Identified the +2 robe of Qapuhuin {rPois Int+6}
  1070 | D:2      | 1070 ||| DROPPING +0 club.
  1517 | D:2      | 1517 ||| Stepping ~*~*~tactically~*~*~ (hiding).
  1603 | D:2      | 1603 ||| UPGRADING to +0 helmet.
  1608 | D:2      | 1608 ||| READING scroll labelled JESAOPS VANOSI.
  1609 | D:2      | 1609 ||| READING scroll labelled BICAMU OQARIE.
  1610 | D:2      | 1610 ||| READING scroll labelled VIRETI ZA TAAPS.
  1611 | D:2      | 1611 ||| READING scroll labelled HAKLAGRUIM.
  1618 | D:2      | Reached XP level 4. HP: 28/28 MP: 4/4
  1624 | D:3      | Noticed Jessica
  1630 | D:3      | Killed Jessica
  1631 | D:3      | Reached skill level 4 in Axes
  1750 | D:3      | Noticed a scorpion
  1757 | D:3      | Killed a scorpion
  1758 | D:3      | Reached skill level 5 in Axes
  1758 | D:3      | Reached XP level 5. HP: 25/32 MP: 5/5
  1830 | D:3      | 1830 ||| Stepping ~*~*~tactically~*~*~ (stealth).
  1835 | D:3      | 1835 ||| Stepping ~*~*~tactically~*~*~ (stealth).
  1853 | D:3      | HP: 4/32 [orc/+0 whip (5)]
  1855 | D:3      | Slain by an orc

Levels and vault maps discovered:
D:1:      minmay_arrival_semitransparent, layout_loops_ring
D:2:      layout_loops_cross, minmay_cupped
D:3:      layout_rooms, minmay_fountain_box, uniq_jessica

Skill      XL: |  1  2  3  4 |
---------------+-------------+-----
Axes           | 2 3 5 |  5.0
Fighting       | |  3.4
Armour         | |  3.2
Shields        | |  3.2

Action                   |  1- 3 |  4- 6 || total
-------------------------+-------+-------++-------
Melee: War axe           |   118 |    34 ||   152
Throw: Boomerang         |     7 |     5 ||    12
  Use: Scroll            |     7 |       ||     7
Armor: Scale mail        |    34 |       ||    34
       Chain mail        |    37 |    41 ||    78
Dodge: Dodged            |    53 |    20 ||    73
Block: Buckler           |    29 |     4 ||    33

Table legend:
 A = Non-vault XP
 B = Vault XP
 C = Vault XP percentage of total XP
 D = Non-vault monster count
 E = Vault monster count
 F = Vault count percentage of total count
                 A         B        C        D         E       F
            +---------+---------+-------+---------+---------+-------
      Total |     193 |      45 |  18.9 |      53 |       4 |   7.0
            +---------+---------+-------+---------+---------+-------
        D:1 |      53 |       0 |   0.0 |      32 |       0 |   0.0
        D:2 |      33 |       8 |  19.5 |      11 |       3 |  21.4
        D:3 |     107 |      37 |  25.7 |      10 |       1 |   9.1
            +---------+---------+-------+---------+---------+-------
